 Dungeon Crawl Stone Soup version 0.21.1-1-g345015f (webtiles) character file.

368 tidbits the Grave Robber (level 6, 44/44 HPs)
             Began as a Gnoll Necromancer on June 20, 2018.
             Was a Follower of Cheibriados.
             Quit the game in the Ecumenical Temple.
             The game lasted 00:09:30 (980 turns).

tidbits the Grave Robber (Gnoll Necromancer)         Turns: 980, Time: 00:09:30

Health: 44/44      AC:  3    Str: 10    XL:     6   Next: 69%
Magic:  14/14      EV: 16    Int: 32    God:    Cheibriados [*.....]
Gold:   86         SH:  3    Dex: 20    Spells: 2/15 levels left

rFire    . . .     SeeInvis .   b - +0 falchion
rCold    . . .     Gourm    .   (no shield)
rNeg     . . .     Faith    .   B - +0 robe of Halip {Str-2 Int+10 Dex+3} (curse)
rPois    .         Spirit   .   E - +0 helmet
rElec    .         Reflect  +   (no cloak)
rCorr    .         Harm     .   (no gloves)
MR       .....                  (no boots)
Stlth    +++.......             e - +3 amulet of reflection
HPRegen  0.14/turn              (no ring)
MPRegen  0.14/turn              (no ring)

@: very slow
A: distributed training, fangs 1, strong nose
a: Bend Time, Renounce Religion


You were in the Ecumenical Temple.
You worshipped Cheibriados.
Cheibriados was aware of your devotion.
You were not hungry.

You visited 2 branches of the dungeon, and saw 8 of its levels.

You collected 86 gold pieces.

Inventory:

Hand Weapons
 a - a +0 dagger
 b - a +0 falchion (weapon)
 f - a +0 club
Missiles
 d - 52 arrows
Armour
 g - a +0 robe
 m - a +0 ring mail
 B - the cursed +0 robe of Halip (worn) {Str-2 Int+10 Dex+3}
   (You found it on level 4 of the Dungeon)

   It affects your strength (-2).
   It affects your intelligence (+10).
   It affects your dexterity (+3).
   It has a curse placed upon it.
 E - a +0 helmet (worn)
Jewellery
 e - a +3 amulet of reflection (around neck)
   (You found it on level 1 of the Dungeon)
Wands
 p - a wand of enslavement (4)
 s - a wand of acid (14)
 u - a wand of iceblast (5)
Scrolls
 h - a scroll of amnesia {unknown}
 i - a scroll of magic mapping {unknown}
 k - 2 scrolls of identify {unknown}
 l - a scroll of remove curse {unknown}
Potions
 n - a potion of mutation {unknown}
 o - a potion of curing {unknown}
 r - a potion of lignification {unknown}
 t - a potion of heal wounds
 v - a potion of haste {unknown}
Books
 j - a book of Necromancy

   Spells                             Type                      Level
   a - Pain                           Necromancy                   1
   b - Animate Skeleton               Necromancy                   1
   c - Vampiric Draining              Necromancy                   3
   d - Regeneration                   Charms/Necromancy            3
   e - Animate Dead                   Necromancy                   4
   f - Borgnjor's Vile Clutch         Necromancy/Earth             5
 q - a book of Air
   (You found it on level 6 of the Dungeon)

   Spells                             Type                      Level
   a - Shock                          Conjuration/Air              1
   b - Swiftness                      Charms/Air                   2
   c - Static Discharge               Conjuration/Air              3
   d - Airstrike                      Air                          4
   e - Lightning Bolt                 Conjuration/Air              5
Comestibles
 c - 2 rations


   Skills:
 + Level 2.0 Fighting
 + Level 2.0 Short Blades
 + Level 2.0 Long Blades
 + Level 2.0 Axes
 + Level 2.0 Maces & Flails
 + Level 2.0 Polearms
 + Level 2.0 Staves
 + Level 2.0 Slings
 + Level 2.0 Bows
 + Level 2.0 Crossbows
 + Level 2.0 Throwing
 + Level 2.0 Armour
 + Level 5.0 Dodging
 + Level 4.6 Stealth
 + Level 2.0 Shields
 + Level 2.0 Unarmed Combat
 + Level 5.4 Spellcasting
 + Level 1.6 Conjurations
 + Level 1.6 Hexes
 + Level 1.6 Charms
 + Level 1.6 Summonings
 + Level 7.3 Necromancy
 + Level 1.6 Translocations
 + Level 1.6 Transmutations
 + Level 1.6 Fire Magic
 + Level 1.6 Ice Magic
 + Level 1.6 Air Magic
 + Level 1.6 Earth Magic
 + Level 1.6 Poison Magic
 + Level 2.2 Invocations
 + Level 2.0 Evocations


You had 2 spell levels left.
You knew the following spells:

 Your Spells              Type           Power        Failure   Level  Hunger
a - Pain                  Necr           ####         1%          1    None
d - Vampiric Draining     Necr           ######....   1%          3    None
n - Animate Skeleton      Necr           N/A          1%          1    None
r - Regeneration          Chrm/Necr      #####.....   2%          3    None
v - Borgnjor's Vile Clut  Necr/Erth      #####.....   22%         5    #####..


Dungeon Overview and Level Annotations

Branches:
Dungeon (7/15)             Temple (1/1) D:7

Altars:
Ashenzari
Cheibriados
Elyvilon
Fedhas
Gozag
Kikubaaqudgha
Makhleb
Nemelex Xobeh
Okawaru
Qazlal
Sif Muna
Trog
Vehumet
Wu Jian
Xom
Yredelemnul
Zin
The Shining One

Annotations:
D:3 Kandryn's ghost, amateur MiFi


Innate Abilities, Weirdness & Mutations

Your experience applies equally to all skills.
You have very sharp teeth.
Your uncanny sense of smell can sniff out nearby items.


Message History

There is a staircase to the Ecumenical Temple here.
Unknown command.
You hit the adder.
The adder is moderately wounded.
The adder barely misses you.
You riposte.
You hit the adder.
The adder is heavily wounded.
Your orc skeleton closely misses the adder.
The adder barely misses you.
You riposte.
You barely miss the adder.
The adder is heavily wounded.
You closely miss the adder. Your bite misses the adder.
The adder is heavily wounded.
The adder closely misses you.
Your orc skeleton barely misses the adder.
You block the adder's attack.
You barely miss the adder.
The adder is heavily wounded.
Your orc skeleton closely misses the adder.
The adder closely misses you.
You closely miss the adder.
The adder is heavily wounded.
The adder barely misses you.
Your orc skeleton closely misses the adder.
The adder barely misses you.
You riposte.
You hit the adder.
The adder is severely wounded.
You closely miss the adder. Your bite misses the adder.
The adder is severely wounded.
The adder bites you but does no damage.
Your orc skeleton barely misses the adder.
You hit the adder but do no damage.
The adder is severely wounded.
The orc wizard shouts!
The adder bites you.
You are poisoned.
The adder poisons you! The adder bites you.
Your orc skeleton closely misses the adder.
You miss the adder. Your bite misses the adder.
The adder is severely wounded.
You feel sick. The adder bites you.
Your orc skeleton misses the adder.
An orc wizard comes into view. It is wielding a dagger of distortion.
The adder closely misses you.
You riposte.
You barely miss the adder.
The adder is severely wounded.
The orc closely misses you.
You riposte.
You hit the orc but do no damage. You block the adder's attack.
You climb downwards.
Welcome to the Ecumenical Temple!
Your mindless thrall stays behind.
You feel sick.
Found four altars.
There is a staircase back to the Dungeon here.
Unknown command.
You closely miss the adder.
The adder is severely wounded.
The orc closely misses you. The adder completely misses you.
You riposte.
You barely miss the adder.
The adder is severely wounded.
You miss the adder.
The adder is severely wounded.
You feel sick. You block the adder's attack. The orc hits you with a dagger.
The adder bites you but does no damage.
You hit the adder.
You kill the adder!
Cheibriados thoroughly appreciates the change of pace.
Cheibriados slows and strengthens your metabolism.
Cheibriados raises the support of your attributes as your movement slows.
The orc hits you with a dagger. The orc barely misses you.
You hit the orc.
The orc is heavily wounded.
The orc misses you.
You riposte.
You barely miss the orc. You bite the orc, but do no damage.
The orc is heavily wounded.
You hit the orc.
You kill the orc!
Cheibriados appreciates the change of pace.
You feel sick.
Things that are here:
a dagger; a leather armour
Casting: Animate Skeleton
Confirm with . or Enter, or press ? or * to list all spells.
Your skin crawls.
Found a radiant altar of Vehumet.
You feel sick.
Found a bloodstained altar of Trog.
Unknown command.
You feel sick.
Unknown command.
Found a deep blue altar of Sif Muna.
Found an opulent altar of Gozag.
Your skin is crawling a little less now.
You feel sick.
You are no longer poisoned.
Your skin stops crawling.
There is a fountain of clear blue water here.
Found an ornate altar of the Wu Jian Council.
Found a shattered altar of Ashenzari.
Unknown command.
Found an ancient bone altar of Kikubaaqudgha.
Found a white marble altar of Elyvilon.
Found a basalt altar of Yredelemnul.
Found a glowing golden altar of the Shining One.
Found a blossoming altar of Fedhas.
Found a glowing silver altar of Zin.
Are you sure you want to abandon this character and quit the game? (Confirm with "yes".)

#..#..## ##..#..##
..#.#..###..#.#..##
.#...#..#..#...#..##
#.._..#.⌠.#.._..#..##
.....#.....#...#....##
##..#...#...#.#...#..##
##.#...#.#...#...#.#..#
......#.∩.#.....#...#..#
.#...#.....#...#@._..#
#...#..._...#...#...#..#
...#.##......#...#.#..#
..#.......##..#...#..##
.#....#........#....##
#..._...8..._...#.8##
.#........#....#....##
..#..##.......#...#..##
#..#......##.#...#.#..##


There were no monsters in sight!

Vanquished Creatures
  An ogre (D:5)
  A crimson imp (D:5)
  A hound (D:5)
  A bullfrog skeleton (D:5)
  A gnoll shaman (D:5)
  A worker ant (D:4)
  A worker ant zombie (D:5)
  2 howler monkey skeletons (D:5)
  4 adders
  2 shadow imps (D:5)
  An ooze (D:3)
  A worm (D:3)
  3 orcs
  2 bats
  A giant cockroach (D:1)
  A goblin (D:3)
  5 hobgoblins
  2 jackals (D:3)
  A quokka (D:6)
  2 kobolds
  A leopard gecko skeleton (D:5)
  5 rats
40 creatures vanquished.

Vanquished Creatures (collateral kills)
  3 gnolls (D:5)
3 creatures vanquished.

Grand Total: 43 creatures vanquished

Notes
Turn   | Place    | Note
-------+----------+-------------------------------------------
     0 | D:1      | tidbits the Gnoll Necromancer began the quest for the Orb.
     0 | D:1      | Reached XP level 1. HP: 13/13 MP: 6/6
    94 | D:1      | Reached XP level 2. HP: 7/19 MP: 0/7
    97 | D:1      | Learned a level 1 spell: Animate Skeleton
   239 | D:3      | Noticed Kandryn's ghost (amateur MiFi)
   292 | D:3      | Found a sparkling altar of Nemelex Xobeh.
   306 | D:3      | Reached XP level 3. HP: 16/25 MP: 7/9
   311 | D:3      | Learned a level 3 spell: Regeneration
   316 | D:3      | Learned a level 3 spell: Vampiric Draining
   326 | D:3      | Reached skill level 5 in Spellcasting
   345 | D:3      | Reached skill level 1 in Invocations
   352 | D:3      | Found a snail-covered altar of Cheibriados.
   363 | D:3      | Became a worshipper of Cheibriados the Contemplative
   493 | D:4      | Got an ominously black robe
   504 | D:4      | Identified the cursed +0 robe of Halip {Str-2 Int+10 Dex+3} (You found it on level 4 of the Dungeon)
   547 | D:4      | Reached skill level 1 in Fighting
   547 | D:4      | Reached skill level 1 in Short Blades
   547 | D:4      | Reached skill level 1 in Long Blades
   547 | D:4      | Reached skill level 1 in Axes
   547 | D:4      | Reached skill level 1 in Maces & Flails
   547 | D:4      | Reached skill level 1 in Polearms
   547 | D:4      | Reached skill level 1 in Staves
   547 | D:4      | Reached skill level 1 in Slings
   547 | D:4      | Reached skill level 1 in Bows
   547 | D:4      | Reached skill level 1 in Crossbows
   547 | D:4      | Reached skill level 1 in Throwing
   547 | D:4      | Reached skill level 1 in Armour
   547 | D:4      | Reached skill level 1 in Shields
   547 | D:4      | Reached skill level 1 in Unarmed Combat
   547 | D:4      | Reached skill level 1 in Evocations
   547 | D:4      | Reached XP level 4. HP: 25/32 MP: 1/11
   550 | D:5      | Entered Level 5 of the Dungeon
   550 | D:5      | Noticed an ogre
   556 | D:5      | Killed an ogre
   556 | D:5      | Reached skill level 1 in Conjurations
   556 | D:5      | Reached skill level 1 in Hexes
   556 | D:5      | Reached skill level 1 in Charms
   556 | D:5      | Reached skill level 1 in Summonings
   556 | D:5      | Reached skill level 1 in Translocations
   556 | D:5      | Reached skill level 1 in Transmutations
   556 | D:5      | Reached skill level 1 in Fire Magic
   556 | D:5      | Reached skill level 1 in Ice Magic
   556 | D:5      | Reached skill level 1 in Air Magic
   556 | D:5      | Reached skill level 1 in Earth Magic
   556 | D:5      | Reached skill level 1 in Poison Magic
   556 | D:5      | Reached XP level 5. HP: 31/37 MP: 1/12
   657 | D:5      | Learned a level 5 spell: Borgnjor's Vile Clutch
   691 | D:5      | Reached skill level 2 in Invocations
   691 | D:5      | Reached XP level 6. HP: 42/44 MP: 10/13
   769 | D:5      | Reached skill level 2 in Fighting
   769 | D:5      | Reached skill level 2 in Short Blades
   769 | D:5      | Reached skill level 2 in Long Blades
   769 | D:5      | Reached skill level 2 in Axes
   769 | D:5      | Reached skill level 2 in Maces & Flails
   769 | D:5      | Reached skill level 2 in Polearms
   769 | D:5      | Reached skill level 2 in Staves
   769 | D:5      | Reached skill level 2 in Slings
   769 | D:5      | Reached skill level 2 in Bows
   769 | D:5      | Reached skill level 2 in Crossbows
   769 | D:5      | Reached skill level 2 in Throwing
   769 | D:5      | Reached skill level 2 in Armour
   769 | D:5      | Reached skill level 5 in Dodging
   769 | D:5      | Reached skill level 2 in Shields
   769 | D:5      | Reached skill level 2 in Unarmed Combat
   769 | D:5      | Reached skill level 2 in Evocations
   891 | D:7      | Found a staircase to the Ecumenical Temple.
   906 | Temple   | Entered the Ecumenical Temple
   909 | Temple   | Reached * piety under Cheibriados
   980 | Temple   | Quit the game

Skill      XL: |  1  2  3  4  5  6 |
---------------+-------------------+-----
Spellcasting   | 5 |  5.4
Invocations    | 1 2 |  2.2
Fighting       | 1 2 |  2.0
Short Blades   | 1 2 |  2.0
Long Blades    | 1 2 |  2.0
Axes           | 1 2 |  2.0
Maces & Flails | 1 2 |  2.0
Polearms       | 1 2 |  2.0
Staves         | 1 2 |  2.0
Slings         | 1 2 |  2.0
Bows           | 1 2 |  2.0
Crossbows      | 1 2 |  2.0
Throwing       | 1 2 |  2.0
Armour         | 1 2 |  2.0
Shields        | 1 2 |  2.0
Unarmed Combat | 1 2 |  2.0
Evocations     | 1 2 |  2.0
Conjurations   | 1 |  1.6
Hexes          | 1 |  1.6
Charms         | 1 |  1.6
Summonings     | 1 |  1.6
Translocations | 1 |  1.6
Transmutations | 1 |  1.6
Fire Magic     | 1 |  1.6
Ice Magic      | 1 |  1.6
Air Magic      | 1 |  1.6
Earth Magic    | 1 |  1.6
Poison Magic   | 1 |  1.6
Dodging        | 5 |  5.0
Stealth        | |  4.6
Necromancy     | |  7.3

Action                   |  1- 3 |  4- 6 || total
-------------------------+-------+-------++-------
Melee: Dagger            |    19 |     4 ||    23
       Bite              |     3 |    13 ||    16
       Falchion          |     6 |    97 ||   103
       Punch             |       |     2 ||     2
 Cast: Pain              |    38 |     1 ||    39
       Regeneration      |     2 |     7 ||     9
       Borgnjor's Vile C |       |     2 ||     2
       Animate Skeleton  |       |     1 ||     1
Evoke: Wand              |       |     1 ||     1
  Use: Potion            |     3 |       ||     3
 Stab: Sleeping          |     2 |     3 ||     5
       Invisible         |     1 |       ||     1
       Distracted        |       |     1 ||     1
       Betrayed ally     |       |     1 ||     1
  Eat: Chunk             |       |     2 ||     2
Armor: Robe              |     1 |     7 ||     8
Dodge: Dodged            |    22 |    89 ||   111
Block: Other             |     1 |    11 ||    12
       Rpst.: Falchion   |     1 |    33 ||    34

Table legend:
 A = Turns spent in this place as a percentage of turns spent in the entire game.
 B = Non-inter-level travel turns spent in this place as a percentage of non-inter-level travel turns spent in the entire game.
 C = Inter-level travel turns spent in this place as a percentage of turns spent in this place.
 D = Turns resting spent in this place as a percentage of non-inter-level travel turns spent in this place.
 E = Turns spent auto-exploring this place as a percentage of non-inter-level travel turns spent in this place.
 F = Non-inter-level travel turns spent in this place divided by the number of levels of this place that you've seen.
                   A       B       C       D       E      F
               +-------+-------+-------+-------+-------+----------------------
         Total | 100.0 | 100.0 |   0.0 |   0.0 |   0.0 | 122.5
       Dungeon |  92.4 |  92.4 |   0.0 |   0.0 |   0.0 | 129.4
        Temple |   7.6 |   7.6 |   0.0 |   0.0 |   0.0 |  74.0
               +-------+-------+-------+-------+-------+----------------------

Table legend:
 A = Kills in this place as a percentage of kills in entire the game.
 B = Kills by you in this place as a percentage of kills by you in the entire game.
 C = Kills by friends in this place as a percentage of kills by friends in the entire game.
 D = Other kills in this place as a percentage of other kills in the entire game.
 E = Experience gained in this place as a percentage of experience gained in the entire game.
 F = Experience gained in this place divided by the number of levels of this place that you have seen.
                   A       B       C       D       E      F
               +-------+-------+-------+-------+-------+----------------------
         Total | 100.0 | 100.0 | 100.0 |   N/A | 100.0 |  65.8
       Dungeon |  95.3 |  95.0 | 100.0 |   N/A |  97.0 |  72.9
        Temple |   4.7 |   5.0 |   0.0 |   N/A |   3.0 |  16.0
               +-------+-------+-------+-------+-------+----------------------

Vault maps used:
D:1:      tarquinn_simple_flora_water_d, item_on_display_a
D:2:      patterned_corridor
D:3:      nicolae_overflow_crystal_walls, cheibriados_altar_1, first_ration
D:6:      old_standard_altar, serial_shops, shop, kennysheep_mini_moat, shop,
          shop
D:7:      temple_fountains
Temple:   eino_temple_rhombus
